 Dungeon Crawl Stone Soup version 0.25.0-10-g039870ee82 (console) character file.

Game seed: 16690962983567933570

4315 Kagalorn the Cleaver (level 10, 0/88 HPs)
             Began as a Minotaur Fighter on June 22, 2020.
             Was a Believer of the Shining One.
             Slain by an orc warrior
             ... wielding a +0 trident
              (13 damage)
             ... on level 9 of the Dungeon.
             The game lasted 00:14:09 (8560 turns).

Kagalorn the Cleaver (Minotaur Fighter)             Turns: 8560, Time: 00:14:10

Health: 0/88       AC: 10    Str: 30    XL:     10   Next: 11%
Magic:  12/12      EV: 12    Int:  6    God:    the Shining One [**....]
Gold:   303        SH: 11    Dex:  9    Spells: 9/9 levels left

rFire    + + +     SeeInvis .   a - +1 broad axe (flame)
rCold    + . .     Gourm    .   c - +0 kite shield
rNeg     + . .     Faith    +   r - +2 ring mail {rF+}
rPois    .         Spirit   .   (helmet restricted)
rElec    .         Reflect  .   v - scarf {rC+ rF+}
rCorr    .         Harm     .   w - +0 pair of gloves
MR       .....                  (no boots)
Stlth    ..........             s - amulet of faith
HPRegen  0.24/turn              u - ring of protection from fire
MPRegen  0.13/turn              F - +6 ring of strength

@: mighty, glowing
A: retaliatory headbutt, horns 2
a: Divine Shield, Renounce Religion


You were on level 9 of the Dungeon.
You worshipped the Shining One.
The Shining One was pleased with you.
You were not hungry.

You visited 2 branches of the dungeon, and saw 10 of its levels.

You collected 423 gold pieces.
You spent 120 gold pieces at shops.

Inventory:

Hand Weapons
 a - a +1 broad axe of flaming (weapon)
Missiles
 g - 8 throwing nets (quivered)
Armour
 b - a +0 scale mail
 c - a +0 kite shield (worn)
 r - a +2 ring mail of fire resistance (worn)
 v - a scarf of resistance (worn)
 w - a +0 pair of gloves (worn)
Jewellery
 q - an uncursed ring of flight
 s - an amulet of faith (around neck)
 u - a ring of protection from fire (left hand)
 F - a +6 ring of strength (right hand)
Wands
 E - a wand of flame (30)
 I - a wand of iceblast (10)
Scrolls
 e - 6 scrolls of identify {unknown}
 i - 6 scrolls of teleportation {unknown}
 k - 2 scrolls of enchant armour
 n - a scroll of fog {unknown}
 p - 9 scrolls of remove curse {unknown}
 y - a scroll of torment {unknown}
 G - 2 scrolls of vulnerability {unknown}
 J - a scroll of blinking {unknown}
Potions
 d - 3 potions of might
 h - a potion of mutation {unknown}
 j - a potion of magic {unknown}
 l - 3 potions of stabbing {unknown}
 m - 3 potions of berserk rage {unknown}
 o - 2 potions of invisibility {unknown}
 t - a potion of degeneration {unknown}
 x - 2 potions of brilliance {unknown}
 z - 3 potions of heal wounds {unknown}
 A - 2 potions of haste {unknown}
 B - 3 potions of lignification {unknown}
 D - 2 potions of curing
 H - a potion of resistance {unknown}
Comestibles
 f - 22 rations
 C - 6 chunks of flesh


   Skills:
 + Level 7.7 Fighting
 * Level 9.9 Axes
 + Level 7.6 Armour
 + Level 6.1 Dodging
 + Level 7.7 Shields
 + Level 4.7 Invocations


You had 9 spell levels left.
You didn't know any spells.
Your spell library was empty.

Dungeon Overview and Level Annotations

Branches:
Dungeon (9/15)             Temple (1/1) D:6
   Lair: D:8-11         Orc: D:9-12

Altars:
Ashenzari
Cheibriados
Dithmenos
Elyvilon
Fedhas
Gozag
Hepliaklqana
Kikubaaqudgha
Makhleb
Nemelex Xobeh
Okawaru
Qazlal
Ru
Sif Muna
Trog
Uskayaw
Vehumet
Wu Jian
Xom
Yredelemnul
Zin
The Shining One

Shops:
D:5 :   D:7 *

Annotations:
D:5 exclusion: upstairs


Innate Abilities, Weirdness & Mutations

You reflexively headbutt those who attack you in melee.
You have a pair of horns on your head.


Message History

You hit the orc priest but do no damage.
You slash the orc priest! You burn the orc priest.
The orc warrior barely misses you. You furiously retaliate!
You headbutt the orc warrior. You block the orc priest's attack.
The orc priest mumbles some strange prayers to Beogh against you.
Pain shoots through your body!
* * * LOW HITPOINT WARNING * * *
The orc warrior hits you with a +0 trident!
* * * LOW HITPOINT WARNING * * *
You feel very mighty all of a sudden. The orc priest closely misses you.
You furiously retaliate!
You headbutt the orc priest.
The orc priest looks satisfied for a moment.
You slash the orc priest! You burn the orc priest.
You kill the orc priest!
The Shining One accepts your kill.
You feel better.
You slash the orc warrior! You burn the orc warrior.
You barely miss the orc priest.
The orc warrior hits you with a +0 trident!
You die...

## #. ###.###
###.....##### ####+##
............##)......
##.....###..@o......
#.....# ####o......
#.....# .......
#...รท.# ..=....
###.### ....... #.#
#####+# ###.# #...#
#.###


You could see an orc warrior and an orc priest.

Vanquished Creatures
  A two-headed ogre (D:7)
  Maggie (D:7)
  2 hippogriffs
  A steam dragon (D:7)
  An ice beast (D:5)
  5 orc warriors
  A black bear (D:7)
  A sky beast (D:5)
  3 ogres
  A phantom (D:7)
  2 centaurs
  2 bullfrogs (D:6)
  A gnoll sergeant (D:7)
  5 killer bees
  A howler monkey (D:7)
  An electric eel (D:7)
  3 crimson imps
  A centaur zombie (D:5)
  A jelly (D:5)
  4 hounds
  4 orc priests
  2 centaur skeletons
  5 orc wizards
  2 bullfrog skeletons (D:7)
  An iguana (D:5)
  6 worker ants
  A killer bee zombie (D:7)
  A hound skeleton (D:7)
  A hound zombie (D:5)
  10 adders
  11 gnolls
  A shadow imp (D:5)
  An adder skeleton (D:7)
  4 dart slugs
  3 worms (D:3)
  3 leopard geckos
  24 orcs
  5 giant cockroaches
  7 goblins
  3 hobgoblins
  4 jackals (D:8)
  2 quokkas (D:3)
  3 bats
  2 frilled lizards
  5 kobolds
  A quokka skeleton (D:4)
  6 rats
156 creatures vanquished.

Notes
Turn   | Place    | Note
-------+----------+-------------------------------------------
     0 | D:1      | Kagalorn the Minotaur Fighter began the quest for the Orb.
     0 | D:1      | Reached XP level 1. HP: 19/19 MP: 0/0
    57 | D:1      | Reached XP level 2. HP: 21/27 MP: 1/1
   151 | D:1      | You fall into a shaft and drop 1 floor!
   667 | D:1      | Reached skill level 3 in Axes
   870 | D:2      | Reached skill level 1 in Dodging
   936 | D:2      | Reached XP level 3. HP: 33/33 MP: 2/2
  1742 | D:3      | Reached XP level 4. HP: 37/40 MP: 3/3
  1762 | D:3      | Noticed an ogre
  1779 | D:3      | Killed an ogre
  1779 | D:3      | Reached skill level 4 in Axes
  1779 | D:3      | Reached XP level 5. HP: 47/47 MP: 4/4
  2110 | D:4      | Found a glowing golden altar of the Shining One.
  2113 | D:4      | Became a worshipper of the Shining One
  2750 | D:5      | Entered Level 5 of the Dungeon
  2753 | D:5      | Noticed a sky beast
  2759 | D:5      | Killed a sky beast
  2759 | D:5      | Reached XP level 6. HP: 46/53 MP: 5/5
  2827 | D:4      | Found an ornate altar of the Wu Jian Council.
  2850 | D:5      | Noticed an ice beast
  2869 | D:5      | Killed an ice beast
  2869 | D:5      | Reached skill level 5 in Axes
  2870 | D:5      | Reached skill level 5 in Fighting
  2870 | D:5      | Reached skill level 5 in Armour
  2870 | D:5      | Reached skill level 5 in Shields
  2991 | D:5      | Found a basalt altar of Yredelemnul.
  3193 | D:5      | Reached XP level 7. HP: 46/61 MP: 6/6
  3298 | D:5      | Found Nuruitot's Book Boutique.
  3458 | D:5      | Found a sacrificial altar of Ru.
  3755 | D:5      | Found a blossoming altar of Fedhas.
  3800 | D:6      | Reached skill level 1 in Invocations
  3849 | D:6      | Reached skill level 6 in Axes
  3906 | D:6      | Found a staircase to the Ecumenical Temple.
  3917 | Temple   | Entered the Ecumenical Temple
  4442 | D:6      | Reached * piety under the Shining One
  4944 | D:6      | Reached XP level 8. HP: 22/70 MP: 8/8
  5364 | D:6      | Found a radiant altar of Vehumet.
  5598 | D:7      | Reached skill level 7 in Axes
  5642 | D:7      | Noticed Maggie
  5675 | D:7      | Killed Maggie
  5824 | D:7      | Reached skill level 8 in Axes
  5861 | D:7      | Reached XP level 9. HP: 67/78 MP: 10/10
  5870 | D:7      | Reached skill level 5 in Dodging
  5875 | D:7      | Reached ** piety under the Shining One
  6164 | D:7      | Found Tayttomp's General Store.
  6167 | D:7      | Bought a scroll of enchant armour for 82 gold pieces
  6167 | D:7      | Bought a scroll of fear for 38 gold pieces
  6193 | D:7      | Found a shattered altar of Ashenzari.
  6200 | D:7      | Found a white marble altar of Elyvilon.
  6200 | D:7      | Found an opulent altar of Gozag.
  6200 | D:7      | Found a hide-covered altar of Uskayaw.
  6202 | D:7      | Found a snail-covered altar of Cheibriados.
  6205 | D:7      | Found a blossoming altar of Fedhas.
  6835 | D:7      | Reached skill level 9 in Axes
  7757 | D:8      | Noticed a two-headed ogre
  8196 | D:7      | Killed a two-headed ogre
  8196 | D:7      | Reached XP level 10. HP: 80/88 MP: 9/12
  8492 | D:8      | Found a burning altar of Makhleb.
  8493 | D:8      | Found a shimmering altar of Xom.
  8560 | D:9      | Slain by an orc warrior

Illustrated notes

Levels and vault maps discovered:
D:1:      minmay_arrival_five_plusses, layout_basic
D:2:      layout_basic, first_ration
D:3:      layout_loops_ring
D:4:      layout_basic, nicolae_overflow_hidden_temple, lemuel_crystal_altar,
          kennysheep_small_square
D:5:      layout_loops_ring, marbit_many_paths, nicolae_overflow_crystal_walls,
          basic_altar, serial_shops, shop_statue
D:6:      layout_loops_ring, vehumet_altar_wand_db, minmay_temple_entry_wispy
D:7:      cheibrodos_helix_gallery, layout_rooms, minitemple, serial_shops,
          kennysheep_mini_moat, kennysheep_generic_room_10, uniq_maggie
D:8:      layout_loops_ring, grunt_temple_overflow_champion_of_chaos,
          grunt_ogre_cave, kennysheep_generic_room_3
D:9:      layout_roguey, serial_shops, shop
Temple:   jpeg_temple_island

Skill      XL: |  1  2  3  4  5  6  7  8  9 |
---------------+----------------------------+-----
Armour         | 4 5 6 7 |  7.6
Axes           | 3 4 5 6 8 9 |  9.9
Dodging        | 1 2 3 4 6 |  6.1
Fighting       | 4 5 6 7 |  7.7
Shields        | 4 5 6 7 |  7.7
Invocations    | 1 3 4 |  4.7

Action                   |  1- 3 |  4- 6 |  7- 9 | 10-12 || total
-------------------------+-------+-------+-------+-------++-------
Melee: War axe           |    87 |    87 |   108 |       ||   282
       Headbutt          |     9 |    17 |    33 |       ||    59
       Broad axe         |       |       |   114 |    10 ||   124
Throw: Dart              |       |     8 |       |       ||     8
Invok: Divine Shield     |       |       |     1 |       ||     1
  Use: Scroll            |       |       |     1 |       ||     1
       Potion            |       |       |       |     1 ||     1
  Eat: Chunk             |     2 |     3 |    13 |       ||    18
       Ration            |       |     1 |       |     1 ||     2
Armor: Scale mail        |    31 |    29 |    21 |       ||    81
       Ring mail         |       |       |    53 |     2 ||    55
Dodge: Dodged            |    25 |    30 |    94 |     4 ||   153
Block: Kite shield       |    48 |    50 |   140 |     8 ||   246
